 Dungeon Crawl Stone Soup version 0.20-a0-494-gf50ee04 (webtiles) character file.

896 JeffiDaFish the Shield-Bearer (level 8, -1/61 HPs)
             Began as a Formicid Fighter on Jan 17, 2017.
             Was an Initiate of Makhleb.
             Killed from afar by Tobias's ghost (6 damage)
             ... with a magic dart
             ... on level 5 of the Dungeon.
             The game lasted 00:08:38 (3439 turns).

JeffiDaFish the Shield-Bearer (Formicid Fighter)    Turns: 3439, Time: 00:08:39

Health: -1/61      AC: 11    Str: 25    XL:     8   Next: 28%
Magic:  8/8        EV:  8    Int:  9    God:    Makhleb [......]
Gold:   123        SH: 11    Dex: 12    Spells: 7/7 levels left

rFire    . . .     SeeInvis +   a - +1 flail
rCold    . . .     Gourm    .   i - +0 chain mail
rNeg     . . .     Faith    .   c - +0 shield
rPois    .         Spirit   .   (helmet unavailable)
rElec    .         Reflect  .   (no cloak)
rCorr    .         Harm     .   e - +0 pair of gloves
MR       .....                  (no boots)
Stlth    ..........             (no amulet)
Regen    0.2/turn               (no ring)
                                (no ring)

@: mighty
A: permanent stasis, dig shafts and tunnels, four strong arms, antennae 3
a: Dig, Shaft Self, Renounce Religion


You were on level 5 of the Dungeon.
You worshipped Makhleb.
Makhleb was noncommittal.
You were not hungry.

You visited 2 branches of the dungeon, and saw 6 of its levels.

You collected 123 gold pieces.

Inventory:

Hand Weapons
 a - a +1 flail (weapon)
Armour
 c - a +0 shield (worn)
 e - a +0 pair of gloves (worn)
 i - a +0 chain mail (worn)
Scrolls
 b - 2 scrolls of fear
 m - a scroll of identify
 n - a scroll of teleportation
Potions
 k - 2 potions of curing
 l - 2 potions of resistance
Comestibles
 d - a beef jerky
 f - 2 bread rations
 h - 2 meat rations


   Skills:
 + Level 4.6 Fighting
 + Level 5.6 Maces & Flails
 + Level 5.5 Armour
 + Level 1.7 Dodging
 + Level 1.1 Stealth
 + Level 6.2 Shields


You had 7 spell levels left.
You didn't know any spells.

Dungeon Overview and Level Annotations

Branches:
Dungeon (5/15)             Temple (1/1) D:4

Altars:
Fedhas
Gozag
Makhleb
Qazlal
Ru
Xom

Annotations:
D:5 Tobias's ghost, amateur FeCj


Innate Abilities, Weirdness & Mutations

You cannot be hasted, slowed, berserked, paralysed or teleported.
You can dig through walls and to a lower floor.
Your four strong arms can wield two-handed weapons with a shield.
You have a pair of large antennae on your head. (SInv)


Message History

* * * LOW HITPOINT WARNING * * *
You feel less confused. Tobias's ghost hits you.
* * * LOW HITPOINT WARNING * * *
You barely miss Tobias's ghost.
Tobias's ghost is almost destroyed.
Tobias's ghost whispers, "Meet the emptiness of death!"
You block Tobias's ghost's attack.
You closely miss Tobias's ghost.
Tobias's ghost is severely damaged.
Tobias's ghost stares at you and mumbles some strange words.
The magic dart hits you!
You closely miss Tobias's ghost.
Tobias's ghost is severely damaged.
Tobias's ghost barely misses you.
You barely miss Tobias's ghost.
Tobias's ghost is severely damaged.
Tobias's ghost stares at you and mumbles some strange words.
The magic dart hits you!
You die...

........ ..... .......
...... ...... ......
#.... #.... #... {
#....##..
##+#.......#+##
####....###.)@...#
####...........W....#
#.........#####)†...#
#.............)#.#'##
#......<.......#.....
...#+###.#.#...#.......
#.........#.#........
#####.#.#####.#+#+###
#.#.......#


You could see Tobias's ghost.

Vanquished Creatures
  Sigmund (D:2)
  The ghost of droogie the Skirmisher, an amateur DDHu (D:3)
  A scorpion (D:4)
  2 hounds (D:4)
  3 orc priests
  Natasha (thrice) (D:4)
  5 orc wizards
  2 worker ants (D:4)
  3 adders
  4 gnolls (D:4)
  An ooze (D:4)
  3 worms
  A dart slug (D:1)
  A leopard gecko (D:5)
  16 orcs
  A giant cockroach (D:1)
  7 goblins
  11 hobgoblins
  8 jackals
  A quokka (D:2)
  3 ball pythons
  15 bats
  5 frilled lizards
  6 kobolds
  6 rats
110 creatures vanquished.

Notes
Turn   | Place    | Note
-------+----------+-------------------------------------------
     0 | D:1      | JeffiDaFish the Formicid Fighter began the quest for the Orb.
     0 | D:1      | Reached XP level 1. HP: 18/18 MP: 1/1
    90 | D:1      | Reached XP level 2. HP: 14/24 MP: 2/2
   167 | D:1      | Reached skill level 4 in Shields
   338 | D:1      | Reached XP level 3. HP: 21/29 MP: 3/3
   917 | D:2      | Reached XP level 4. HP: 30/37 MP: 4/4
   953 | D:2      | Noticed Sigmund
   979 | D:2      | Killed Sigmund
   979 | D:2      | Reached skill level 1 in Dodging
   979 | D:2      | Reached skill level 1 in Stealth
   979 | D:2      | Reached skill level 5 in Shields
   979 | D:2      | Reached XP level 5. HP: 4/42 MP: 5/5
   979 | D:2      | Reached XP level 6. HP: 5/48 MP: 6/6
  1595 | D:3      | Noticed droogie's ghost (amateur DDHu)
  1617 | D:3      | Killed droogie's ghost
  1723 | D:3      | Found a shimmering altar of Xom.
  1772 | D:3      | Found an opulent altar of Gozag.
  2113 | D:4      | Reached XP level 7. HP: 36/54 MP: 7/7
  2336 | D:4      | Reached skill level 5 in Armour
  2640 | D:4      | Found a staircase to the Ecumenical Temple.
  2706 | Temple   | Entered the Ecumenical Temple
  2714 | Temple   | Became a worshipper of Makhleb the Destroyer
  2802 | D:4      | Noticed Natasha
  2806 | D:4      | Killed Natasha
  2837 | D:4      | Noticed Natasha
  2855 | D:4      | Killed Natasha
  2953 | D:4      | Found a blossoming altar of Fedhas.
  3137 | D:4      | Noticed Natasha
  3145 | D:4      | Killed Natasha
  3145 | D:4      | Reached skill level 5 in Maces & Flails
  3145 | D:4      | Reached XP level 8. HP: 53/61 MP: 8/8
  3174 | D:4      | Found a stormy altar of Qazlal.
  3175 | D:4      | Noticed an air elemental
  3187 | D:4      | Noticed a water elemental
  3187 | D:4      | Noticed a fire elemental
  3202 | D:4      | Reached skill level 6 in Shields
  3379 | D:5      | Entered Level 5 of the Dungeon
  3420 | D:5      | Noticed Tobias's ghost (amateur FeCj)
  3439 | D:5      | Killed from afar by Tobias's ghost

Vault maps used:
D:1:      wheals_arrival_linesprint
D:2:      uniq_sigmund
D:3:      grunt_gozag_statues, lemuel_crystal_altar, dk_noncrumbling_4
D:4:      lemuel_round_altar, nicolae_qazlal_style_of_elements, uniq_natasha
D:5:      cheibrodos_thug_alley, first_bread
Temple:   dpeg_chambers_temple

Skill      XL: |  1  2  3  4  5  6  7  8 |
---------------+-------------------------+-----
Shields        | 4 5 6 |  6.2
Maces & Flails | 3 4 5 |  5.6
Armour         | 4 5 |  5.5
Dodging        | 1 |  1.7
Stealth        | 1 |  1.1
Fighting       | 4 |  4.6

Action                   |  1- 3 |  4- 6 |  7- 9 || total
-------------------------+-------+-------+-------++-------
Melee: Flail             |   138 |   135 |   230 ||   503
 Abil: Dig               |       |     1 |       ||     1
  Use: Potion            |     3 |     7 |     1 ||    11
       Scroll            |     1 |     2 |     3 ||     6
  Eat: Chunk             |       |     4 |     5 ||     9
Armor: Scale mail        |    29 |       |       ||    29
       Chain mail        |    77 |    63 |   137 ||   277
Dodge: Dodged            |    51 |    31 |    65 ||   147
Block: Shield            |    81 |    62 |   136 ||   279
